 Dungeon Crawl Stone Soup version 0.29-a0-375-g5102b3be25 (webtiles) character file.

Game seed: 8360794386738965280

151 zishaf the Bolt Thrower (level 4, -6/37 HPs)
             Began as a Demigod Wanderer on May 3, 2022.
             Mangled by an ogre
             ... wielding a +0 giant spiked club
              (25 damage)
             ... on level 3 of the Dungeon.
             The game lasted 00:04:08 (2471 turns).

zishaf the Bolt Thrower (Demigod Wanderer)          Turns: 2471, Time: 00:04:09

Health: -6/37      AC:  4    Str: 14    XL:     4   Next: 85%
Magic:  8/8        EV: 10    Int: 19    God:
Gold:   146        SH: 13    Dex: 11    Spells: 3/5 levels left

rFire   . . .      SeeInvis .   b - +2 dagger (drain)
rCold   . . .      Faith    .   q - +0 kite shield
rNeg    . . .      Spirit   .   d - +0 robe
rPois   .          Reflect  +   (no helmet)
rElec   .          Harm     .   l - +0 cloak
rCorr   .          Rampage  .   (no gloves)
Will    .....                   f - +0 pair of boots
Stlth   +.........              m - amulet of reflection
HPRegen 0.12/turn               (no ring)
MPRegen 0.11/turn               (no ring)

@: no status effects
A: high MP 1, forlorn, divine attributes
a: no special abilities


You were on level 3 of the Dungeon.
You visited 1 branch of the dungeon, and saw 3 of its levels.

You collected 146 gold pieces.

Inventory:

Hand Weapons
 a - a +2 hand crossbow
 b - a +2 dagger of draining (weapon)
 p - a +2 flail of holy wrath
Missiles
 h - a throwing net
Armour
 d - a +0 robe (worn)
 f - a +0 pair of boots (worn)
 l - a +0 cloak (worn)
 q - a +0 kite shield (worn)
Jewellery
 m - an amulet of reflection (around neck)
Wands
 r - a wand of iceblast (9)
Scrolls
 e - a scroll of amnesia {unknown}
 j - 2 scrolls of identify {unknown}
 k - a scroll of vulnerability {unknown}
 n - a scroll of teleportation {unknown}
Potions
 c - 2 potions of haste
 g - a potion of heal wounds {unknown}
 i - 3 potions of curing {unknown}
 o - a potion of magic {unknown}


   Skills:
 + Level 2.6 Fighting
 - Level 3.0 Crossbows
 - Level 1.0 Dodging
 + Level 3.0 Shields
 - Level 1.0 Spellcasting
 + Level 3.0 Conjurations


You had 3 spell levels left.
You knew the following spells:

 Your Spells              Type           Power      Damage    Failure   Level
a - Searing Ray           Conj           24%        2d5       26%         2

Your spell library contained the following spells:

 Spells                   Type           Power      Damage    Failure   Level
 Static Discharge         Conj/Air       6%         N/A       43%         2
 Gell's Gravitas          Tloc           0%         N/A       86%         3
 Teleport Other           Tloc           0%         N/A       86%         3
 Alistair's Intoxication  Tmut/Pois      0%         N/A       100%        5
 Borgnjor's Vile Clutch   Necr/Erth      0%         N/A       100%        5
 Dispersal                Tloc           0%         N/A       100%        6
 Eringya's Noxious Bog    Tmut/Pois      0%         N/A       100%        6


Dungeon Overview and Level Annotations

Branches:
Dungeon (3/15)


Innate Abilities, Weirdness & Mutations

You have an increased reservoir of magic. (+10% MP)
You shall have no god before yourself.
Your divine heritage dramatically boosts your attributes as you level up.


Message History

The goblin hits you but does no damage. The goblin barely misses you.
You hit the goblin.
You kill the goblin!
You hit the goblin.
The goblin is heavily wounded.
The goblin hits you with a +0 club.
You closely miss the goblin.
The goblin is heavily wounded.
You block the goblin's attack.
You hit the goblin.
You kill the goblin!
You closely miss the goblin. The goblin completely misses you.
You hit the goblin.
The goblin is heavily wounded.
You block the goblin's attack.
You hit the goblin.
You kill the goblin!
The ogre barely misses you.
Your life force feels restored.
You hit the ogre but do no damage. You drain the ogre.
The ogre is lightly wounded.
You hit the ogre.
The ogre is moderately wounded.
The ogre hits you with a +0 giant spiked club!
You are too injured to fight recklessly!
You are too injured to fight recklessly!
You are too injured to fight recklessly!
You completely miss the ogre.
The ogre is moderately wounded.
You block the ogre's attack.
You hit the ogre.
The ogre is moderately wounded.
You block the ogre's attack.
You completely miss the ogre.
The ogre is moderately wounded.
You hit the ogre.
The ogre is heavily wounded.
The ogre hits you with a +0 giant spiked club!!
Ouch! That really hurt!
You die...

.##.## #.# .....# #.
.##..# >....##########
####.##.......# ####
#.##...)...####...#
#.##.......##gg...#
#.##.......##O#(O.#
#.##.......##@########
####)##.......##........#
#.....#.......##........#
#.....#.......##........#
#.............##........#
#......####.####...†....#
#......# #.# #......[.#
#......# #.# #........###
#.........#.#
#...).......


You could see an ogre (drained) and 2 goblins.

Vanquished Creatures
  An orc wizard (D:3)
  5 adders
  A worm (D:3)
  A dart slug (D:3)
  3 orcs (D:3)
  5 endoplasms
  6 giant cockroaches
  14 goblins
  5 hobgoblins
  3 quokkas
  9 ball pythons
  4 bats
  2 frilled lizards
  6 kobolds
  4 rats
69 creatures vanquished.

Vanquished Creatures (others)
  A human (D:3)
1 creature vanquished.

Grand Total: 70 creatures vanquished

Notes
Turn   | Place    | Note
-------+----------+-------------------------------------------
     0 | D:1      | zishaf the Demigod Wanderer began the quest for the Orb.
     0 | D:1      | zishaf set off with the following items: a +2 hand
                  | crossbow, a +0 buckler, a potion of haste, a +0 robe; and
                  | the following spells available to memorise: Searing Ray,
                  | Static Discharge
     0 | D:1      | Reached XP level 1. HP: 16/16 MP: 4/4
   316 | D:1      | Reached XP level 2. HP: 23/23 MP: 5/5
   578 | D:1      | Learned a level 2 spell: Searing Ray
  1016 | D:2      | Reached XP level 3. HP: 29/29 MP: 6/6
  1741 | D:3      | Reached XP level 4. HP: 20/36 MP: 8/8
  1919 | D:3      | Noticed a human
  1923 | D:3      | Killed a human
  2444 | D:3      | Noticed an ogre
  2471 | D:3      | Mangled by an ogre

Illustrated notes

Levels and vault maps discovered:
D:1:      dpeg_arrival_rooms_b, layout_basic,
          hellmonk_ecumenical_altar_leap_of_faith
D:2:      layout_basic, grunt_decor_mini_mirrors
D:3:      layout_basic, tgw_kikubaaqudgha, kennysheep_doodads,
          minmay_ogre_servants

Skill      XL: |  1  2  3  4 |
---------------+-------------+-----
Shields        | 2 3 |  3.0
Conjurations   | 2 3 |  3.0
Crossbows      | 3 |  3.0
Fighting       | 2 |  2.6
Dodging        | |  1.0
Spellcasting   | |  1.0

Action                   |  1- 3 |  4- 6 || total
-------------------------+-------+-------++-------
Melee: Dagger            |    54 |    69 ||   123
 Fire: Hand crossbow     |    96 |    37 ||   133
Armor: Robe              |    14 |    12 ||    26
Dodge: Dodged            |    38 |    16 ||    54
Block: Buckler           |    13 |     1 ||    14
       Kite shield       |       |    56 ||    56

Table legend: (Time is in decaauts)
 A = Elapsed time spent in this place.
 B = Non-inter-level travel time spent in this place.
 C = Inter-level travel time spent in this place.
 D = Time resting spent in this place.
 E = Time spent auto-exploring this place.
 F = Levels seen in this place.
 G = Mean time per level.
                   A        B        C        D        E       F      G
               +--------+--------+--------+--------+--------+-----+--------+
         Total |   2527 |   2497 |     30 |      0 |   1998 |   3 |  842.3 |
       Dungeon |   2527 |   2497 |     30 |      0 |   1998 |   3 |  842.3 |
               +--------+--------+--------+--------+--------+-----+--------+

Top non-repeatable levels by time:
     D:3: 851 daAuts
     D:1: 851 daAuts
     D:2: 824 daAuts
